Map: Inside and Out

Players

MattBarry

  • Race: Zerg Zerg
  • League: Gold
  • Spawn Location: 1:00

BaconFarm - Winner!

  • Race: Terran Terran
  • League: Platinum
  • Spawn Location: 7:00

VOD

Have the link to the VOD?

Description

Time

  • Played on: Jan. 21, 2023, 2:25 a.m.
  • Length: 6:44
Show
View Real Time Build Order
Export as new Build Order

MattBarry Zerg 

Build Orders: Pool First 

Get SALT Encoding   

  12  0:01  Drone  
  13  0:08  Drone  
  14  0:19  Drone, Extractor  
  14  0:24  Overlord  
  14  0:41  Spawning Pool  
  13  0:47  Drone  
  14  0:53  Drone  
  15  1:29  Hatchery  
  15  1:30  Zergling x2  
  15  1:33  Zergling x2  
  16  1:42  Metabolic Boost  
  16  1:49  Zergling x2  
  17  2:02  Queen  
  17  2:06  Zergling x2  
  20  2:25  Zergling x2  
  21  2:43  Spine Crawler  
  20  2:45  Queen, Spine Crawler  
  20  2:47  Zergling x2  
  20  2:49  Zergling x2  
  22  3:04  Baneling Nest  
  21  3:16  Zergling x6  
  22  3:39  Queen  
  18  3:50  Overlord  
  16  3:59  Drone  
  16  4:02  Drone  
  18  4:08  Drone  
  19  4:14  Queen  
  21  4:20  Spine Crawler  
  20  4:28  Drone  
  22  4:36  Spine Crawler  
  20  4:41  Drone  
  21  4:50  Drone x2  
  21  4:51  Drone  
  21  5:27  Drone x5  
  21  5:28  Drone x4  
  30  5:38  Zergling x4  
  10  6:14  Drone  
Show
View Real Time Build Order
Export as new Build Order

BaconFarm Terran - Winner!

Build Orders:  

Get SALT Encoding   

  12  0:00  SCV  
  13  0:12  SCV  
  14  0:16  Supply Depot  
  14  0:24  SCV  
  15  0:38  SCV  
  15  0:39  Barracks  
  16  0:45  Refinery  
  16  0:50  SCV  
  16  0:56  Supply Depot  
  17  1:02  SCV  
  18  1:14  SCV  
  19  1:23  Refinery  
  19  1:29  Orbital Command  
  19  1:32  Marine  
  20  1:53  Bunker  
  20  1:59  Barracks Reactor  
  20  2:00  Factory, SCV  
  21  2:12  SCV  
  22  2:24  SCV  
  23  2:35  Marine x2  
  23  2:36  Bunker  
  23  2:37  SCV  
  25  2:44  Starport  
  25  2:46  Hellion  
  28  2:51  SCV  
  28  2:57  Marine x2  
  30  3:15  Marine  
  31  3:30  Supply Depot, Starport Tech Lab  
  31  3:33  Supply Depot  
  31  3:45  Marine  
  31  3:48  SCV  
  31  3:52  Supply Depot  
  33  4:00  SCV, Factory Tech Lab  
  32  4:03  Banshee  
  32  4:06  Cloaking Field  
  35  4:12  SCV  
  35  4:15  Marine x2  
  38  4:22  Siege Tank  
  41  4:24  SCV  
  41  4:27  Supply Depot  
  42  4:46  Banshee  
  42  4:51  Marine x2  
  47  5:00  Barracks  
  45  5:22  Marine x2  
  45  5:23  Siege Tank  
  45  5:24  SCV  
  51  5:29  Command Center  
  51  5:53  Engineering Bay  
  50  5:58  Barracks Tech Lab  
  53  6:22  Marine x2  
  53  6:24  Marine  
Tags
 
Matchup
TvZ
Opening
Pool First
Replay Pack
Multiplayer
Spawn Locations
Cross Positions
Add a new tag
Caveats
  • Supply blocks, unpowered buildings, or Contaminate may cause inaccurate times.
  • Supply counts are checked every 10 seconds.